 Dungeon Crawl Stone Soup version 0.28-a0-691-gad6df49e81 (webtiles) character file.

Game seed: 17965079088049557233

10 Irenicus the Digger (level 2, 0/22 HPs)
             Began as a Deep Dwarf Earth Elementalist on Oct 21, 2021.
             Slain by a black bear (2 damage)
             ... on level 4 of the Dungeon.
             The game lasted 00:01:33 (188 turns).

Irenicus the Digger (Deep Dwarf Earth Elementalist)  Turns: 188, Time: 00:01:33

Health: 0/22       AC:  2    Str:  9 (11) XL:     2   Next: 10%
Magic:  0/3        EV: 12    Int: 12 (15) God:
Gold:   15         SH:  0    Dex: 10 (13) Spells: 3/4 levels left

rFire   . . .      SeeInvis .   d - +0 short sword
rCold   . . .      Faith    .   (no shield)
rNeg    . . .      Spirit   .   b - +0 robe
rPois   .          Reflect  .   (no helmet)
rElec   .          Harm     .   (no cloak)
rCorr   .          Rampage  .   (no gloves)
Will    .....                   (no boots)
Stlth   ++........              (no amulet)
HPRegen 0.00/turn               (no ring)
MPRegen 0.08/turn               (no ring)

@: no status effects
A: damage resistance, heal wounds, sense surroundings 1, no regeneration
a: Heal Wounds


You were on level 4 of the Dungeon.
You visited 1 branch of the dungeon, and saw 4 of its levels.

You collected 15 gold pieces.


Innate Abilities, Weirdness & Mutations

You are resistant to damage.
You can heal yourself by infusing magical energy.
You passively map a small area around you.
You do not regenerate.


   Skills:
 - Level 2.1 Dodging
 - Level 2.4 Stealth
 - Level 1.7 Spellcasting
 - Level 0.8 Transmutations
 + Level 4.9 Earth Magic


You had 3 spell levels left.
You knew the following spells:

 Your Spells              Type           Power      Damage    Failure   Level
z - Sandblast             Erth           24%        2d8       3%          1

Your spell library contained the following spells:

 Spells                   Type           Power      Damage    Failure   Level
 Passwall                 Tmut/Erth      5%         N/A       13%         2
 Stone Arrow              Conj/Erth      12%        3d7       30%         3
 Corpse Rot               Necr/Air       2%         N/A       38%         2
 Poisonous Vapours        Pois/Air       2%         N/A       38%         2
 Petrify                  Tmut/Erth      7%         N/A       65%         4

Inventory:

Hand Weapons
 d - a +0 short sword (weapon)
Missiles
 c - 17 stones
Armour
 b - a +0 robe (worn)
 f - a +0 leather armour
Wands
 g - a wand of acid (6)
Scrolls
 e - a scroll of noise {unknown}

Dungeon Overview and Level Annotations

Branches:
Dungeon (4/15)
 Temple: D:4-7

Altars:

#..# #..# * #..##
###...## # * ###...#..#
* .)######.g.####.#
#........### #g# ,
.......### #h### ,
.#####...### #.@.# * ,
###.g.## ###..# .
###..# #.## .. , ,, *
##.# ..# *.# ,*
..####†#######.# .#*
#.......>......####.# ,
..#####...h..#.......##
* ####$.....#.....####.
,, *
#.....#.....#..?...,


You could see a black bear (berserk) and a goblin.


Message History

The black bear claws you but does no damage.
It was a potion of degeneration.
There was something very wrong with that liquid.
You feel weakened.
You feel dopey.
You feel clumsy. The black bear barely misses you. The black bear claws you.
* * * LOW HITPOINT WARNING * * *
The black bear closely misses you.
Casting: Sandblast (safe; 3% risk of failure)
Confirm with . or Enter, or press ? or * to list all spells.
Aiming: Sandblast (safe; 3% risk of failure)
Press: ? - help, Shift-Dir - straight line, f/p - black bear
Aim: a black bear (heavily wounded, 85% to hit)
The blast of sand hits the black bear!
The black bear is almost dead.
The black bear goes berserk!
Use which ability? (? or * to list)
Your magical essence is drained by the effort!
You feel much better. The black bear barely misses you.
The black bear claws you.
The black bear claws you but does no damage.
You barely miss the black bear.
The black bear is almost dead.
The black bear bites you! The black bear claws you. x2
The black bear bites you!
* * * LOW HITPOINT WARNING * * *
The black bear closely misses you. The black bear completely misses you.
You closely miss the black bear.
The black bear is almost dead.
The black bear closely misses you. The black bear claws you.
You die...

Action                   || total
-------------------------++-------
Melee: Short sword       ||    22
 Cast: Sandblast         ||    13
 Abil: Heal Wounds       ||     1
  Use: Potion            ||     1
Armor: Robe              ||     6
Dodge: Dodged            ||    35

Levels and vault maps discovered:
D:1:      giann_forest_graveyard, layout_rooms, serial_shops,
          nicolae_shop_behind_doors, serial_bayou_lake_a
D:2:      layout_basic, hellmonk_ecumenical_altar_run_dry, basic_altar,
          lemuel_another_geyser, uniq_sigmund, uniq_robin
D:3:      layout_basic, bloody_makhleb
D:4:      layout_rooms

Notes
Turn   | Place    | Note
-------+----------+-------------------------------------------
     0 | D:1      | Irenicus the Deep Dwarf Earth Elementalist began the quest
                  | for the Orb.
     0 | D:1      | Reached XP level 1. HP: 15/15 MP: 3/3
   152 | D:4      | Noticed a black bear
   159 | D:4      | Reached XP level 2. HP: 13/22 MP: 2/4
   187 | D:4      | HP: 2/22 [black bear (10)]
   188 | D:4      | Slain by a black bear

Vanquished Creatures
  An orc (D:3)
  An endoplasm (D:1)
  2 goblins
  3 jackals (D:4)
7 creatures vanquished.

Table legend: (Time is in decaauts)
 A = Elapsed time spent in this place.
 B = Non-inter-level travel time spent in this place.
 C = Inter-level travel time spent in this place.
 D = Time resting spent in this place.
 E = Time spent auto-exploring this place.
 F = Levels seen in this place.
 G = Mean time per level.
                   A        B        C        D        E       F      G
               +--------+--------+--------+--------+--------+-----+--------+
         Total |    188 |    188 |      0 |      0 |      0 |   4 |   47.0 |
       Dungeon |    188 |    188 |      0 |      0 |      0 |   4 |   47.0 |
               +--------+--------+--------+--------+--------+-----+--------+

Top non-repeatable levels by time:
     D:4: 72 daAuts
     D:1: 59 daAuts
     D:3: 49 daAuts
     D:2: 7 daAuts

Table legend:
 A = Non-vault XP
 B = Vault XP
 C = Vault XP percentage of total XP
 D = Non-vault monster count
 E = Vault monster count
 F = Vault count percentage of total count
                 A         B        C        D         E       F
            +---------+---------+-------+---------+---------+-------
      Total |      15 |       0 |   0.0 |       7 |       0 |   0.0
            +---------+---------+-------+---------+---------+-------
        D:1 |       2 |       0 |   0.0 |       1 |       0 |   0.0
        D:3 |       5 |       0 |   0.0 |       2 |       0 |   0.0
        D:4 |       8 |       0 |   0.0 |       4 |       0 |   0.0
            +---------+---------+-------+---------+---------+-------
